 Dungeon Crawl Stone Soup version 0.26-b1-32-g5d43845318 (webtiles) character file.

Game seed: 7479607064506055681

200 MisterFreud the Chiller (level 5, 0/35 HPs)
             Began as a Demonspawn Ice Elementalist on Jan 11, 2021.
             Slain by an orc warrior
             ... wielding a +0 hand axe
              (6 damage)
             ... on level 3 of the Dungeon.
             The game lasted 00:06:35 (3475 turns).

MisterFreud the Chiller (DsIE)                      Turns: 3475, Time: 00:06:35

Health: 0/35       AC: 10    Str:  8    XL:     5   Next: 49%
Magic:  0/8        EV: 12    Int: 18    God:
Gold:   110        SH:  0    Dex: 13    Spells: 2/9 levels left

rFire    . . .     SeeInvis .   i - +0 short sword
rCold    . . .     Faith    .   (no shield)
rNeg     + . .     Spirit   .   n - +0 robe {rN+}
rPois    .         Reflect  .   (helmet restricted)
rElec    .         Harm     .   (no cloak)
rCorr    .         Rampage  .   (no gloves)
Will     .....                  (no boots)
Stlth    ++........             p - amulet of regeneration
HPRegen  0.51/turn              (no ring)
MPRegen  0.11/turn              (no ring)

@: icy armour
A: horns 1, yellow scales 1
a: no special abilities


You were on level 3 of the Dungeon.
You visited 1 branch of the dungeon, and saw 3 of its levels.

You collected 110 gold pieces.

Inventory:

Hand Weapons
 b - a +0 spear
 c - a +1 hunting sling of freezing
 i - a +0 short sword (weapon)
Missiles
 j - 31 stones
 l - 3 javelins
 q - 14 sling bullets
 r - a throwing net
Armour
 n - a +0 robe of positive energy (worn)
Jewellery
 p - an amulet of regeneration (around neck)
 t - a +6 ring of dexterity
Scrolls
 a - a scroll of random uselessness {unknown}
 d - 3 scrolls of identify {unknown}
 e - a scroll of enchant armour {unknown}
 f - a scroll of amnesia {unknown}
 g - a scroll of remove curse {unknown}
 m - 2 scrolls of fog {unknown}
 o - a scroll of magic mapping {unknown}
 s - a scroll of blinking {unknown}
Potions
 h - 3 potions of curing {unknown}
 k - a potion of magic {unknown}


   Skills:
 - Level 1.7 Dodging
 - Level 1.7 Stealth
 + Level 2.6 Spellcasting
 - Level 6.0 Ice Magic


You had 2 spell levels left.
You knew the following spells:

 Your Spells              Type           Power        Failure   Level
a - Freeze                Ice            92%          1%          1
b - Frozen Ramparts       Ice            46%          4%          3
c - Ozocubu's Armour      Ice            23%          4%          3

Your spell library contained the following spells:

 Spells                   Type           Power        Failure   Level
 Hailstorm                Conj/Ice       13%          45%         4
 Summon Ice Beast         Ice/Summ       13%          45%         4


Dungeon Overview and Level Annotations

Branches:
Dungeon (3/15)

Altars:


Innate Abilities, Weirdness & Mutations

You have a pair of small horns on your head.
You are partially covered in yellow scales. (AC +2)


Message History

Press: ? - help, Shift-Dir - straight line, f/p - orc warrior
Aim: an orc warrior, wielding a +0 hand axe and wearing a +0 chain mail (severely wounded)
You freeze the orc warrior!
The orc warrior is almost dead.
The orc warrior hits you with a +0 hand axe!
* * * LOW HITPOINT WARNING * * *
Unknown command.
Unknown command.
You closely miss the orc warrior.
The orc warrior is almost dead.
The orc warrior barely misses you.
You hit the orc warrior but do no damage.
The orc warrior is almost dead.
The orc warrior misses you.
You hit the orc warrior but do no damage.
The orc warrior is almost dead.
The giant cockroach bites you.
* * * LOW HITPOINT WARNING * * *
The orc warrior hits you with a +0 hand axe.
You die...

.......#.).)[...#
...........####.#
+#+#+#.#.#.#.#
#.#.#.#.## #
#.#.#.#.#.##.#
#.#.#.#.#.#...# #
#.#.#.#.#.#.####.#
#.#.#.#.#.#.#.....+
.#.#.#.#.#.#.@B##.#
.#.#.#.#.#.##o# #
.#.#.#.#.# #.# .#
#.#.#.#.#.# ..#
#.#.#.#.#.#.# ...
.#.#.#.#.#.#. ...
#.#.#.#.#.#.#.
..###
.#.#.#.#.#.#.#.
#.#.#.#.#.#.#.#.


You could see an orc warrior and a giant cockroach.

Vanquished Creatures
  An orc priest (D:3)
  Jessica (D:2)
  4 gnolls
  3 adders
  2 oozes
  A worm (D:3)
  A leopard gecko (D:2)
  5 orcs
  2 giant cockroaches (D:2)
  7 goblins
  6 hobgoblins
  7 jackals
  7 kobolds
  A quokka (D:2)
  A ball python (D:1)
  5 bats
  5 frilled lizards
  6 rats
65 creatures vanquished.

Notes
Turn   | Place    | Note
-------+----------+-------------------------------------------
     0 | D:1      | MisterFreud the Demonspawn Ice Elementalist began the quest
                  | for the Orb.
     0 | D:1      | Reached XP level 1. HP: 13/13 MP: 3/3
   361 | D:3      | Reached skill level 4 in Ice Magic
   483 | D:3      | Noticed an orc priest
   503 | D:3      | Gained mutation: You have a pair of small horns on your
                  | head. [demonic ancestry]
   503 | D:3      | Reached XP level 2. HP: 19/19 MP: 3/5
  1028 | D:2      | Noticed Jessica
  1463 | D:3      | Gained mutation: You are partially covered in yellow
                  | scales. (AC +2) [demonic ancestry]
  1463 | D:3      | Reached XP level 3. HP: 17/24 MP: 2/6
  1727 | D:2      | Killed Jessica
  1728 | D:2      | Reached skill level 5 in Ice Magic
  1780 | D:2      | Reached XP level 4. HP: 28/30 MP: 7/7
  3001 | D:2      | Reached XP level 5. HP: 35/35 MP: 8/8
  3234 | D:2      | Reached skill level 6 in Ice Magic
  3244 | D:2      | Learned a level 3 spell: Frozen Ramparts
  3248 | D:2      | Learned a level 3 spell: Ozocubu's Armour
  3464 | D:3      | Noticed an orc warrior
  3475 | D:3      | Slain by an orc warrior

Illustrated notes

Levels and vault maps discovered:
D:1:      amcnicky_arrival_abandoned_market, layout_basic
D:2:      layout_loops_ring, uniq_jessica
D:3:      layout_basic, minmay_misc_feat_diagonals

Skill      XL: |  1  2  3  4  5 |
---------------+----------------+-----
Ice Magic      | 4 5 6 |  6.0
Dodging        | |  1.7
Stealth        | |  1.7
Spellcasting   | |  2.6

Action                   |  1- 3 |  4- 6 || total
-------------------------+-------+-------++-------
Melee: Spear             |    14 |       ||    14
       Unarmed           |    13 |       ||    13
       Short sword       |    54 |   180 ||   234
       Headbutt          |     5 |    18 ||    23
 Cast: Freeze            |    20 |     7 ||    27
       Ozocubu's Armour  |       |     1 ||     1
       Frozen Ramparts   |       |     1 ||     1
 Stab: Sleeping          |       |     6 ||     6
Armor: Robe              |    23 |    35 ||    58
Dodge: Dodged            |    73 |   116 ||   189
